 Dungeon Crawl Stone Soup version 0.29.1-4-g47bece8355 (webtiles) character file.

Game seed: 1564460987995219928

214085 iamoutofideas the Slayer (level 18, -8/190 HPs)
             Began as a Hill Orc Berserker on Dec 8, 2022.
             Was a High Priest of Trog.
             Constricted to death by a shambling mangrove (11 damage)
             ... on level 4 of the Swamp.
             The game lasted 01:02:51 (43557 turns).

iamoutofideas the Slayer (Hill Orc Berserker)      Turns: 43557, Time: 01:02:51

Health: -8/190     AC: 30    Str: 31    XL:     18   Next: 98%
Magic:  18/18      EV:  7    Int:  7    God:    Trog [*****.]
Gold:   260        SH: 13    Dex: 10    Spells: 17/17 levels left

rFire   + + .      SeeInvis .   H - +4 broad axe (flame)
rCold   + . .      Faith    +   G - +2 kite shield {rC+}
rNeg    + . .      Spirit   .   T - +3 chain mail {rPois}
rPois   +          Reflect  .   l - +1 hat {Will+}
rElec   .          Harm     .   A - +1 cloak {rCorr}
rCorr   +          Rampage  .   x - +2 pair of gloves
Will    +++++                   k - +4 pair of boots of Agoraphobia {rF+ Will+ Str+3}
Stlth   ..........              i - amulet of faith
HPRegen 1.41/turn               L - ring of protection from fire
MPRegen 0.16/turn               y - ring of positive energy

@: grasped by roots, strong-willed, on berserk cooldown, regenerating, slowed,
constricted, very slow
A: no striking features
}: 1/15 runes: serpentine
a: Renounce Religion, Berserk, Trog's Hand, Brothers in Arms


You were on level 4 of the Swamp.
You worshipped Trog.
Trog was extremely pleased with you.
You visited 5 branches of the dungeon, and saw 30 of its levels.
You also visited: Bailey.

You collected 3111 gold pieces.
You spent 2851 gold pieces at shops.

Inventory:

Hand Weapons
 H - a +4 broad axe of flaming (weapon)
 U - the +8 mithril axe "Arga" {speed, Will+}
   (You bought it in a shop on level 1 of the Orcish Mines)

   Attacks with this weapon are significantly faster.
   Will:      It increases your willpower.
Missiles
 a - 5 curare-tipped darts
 p - 5 throwing nets (quivered)
Armour
 k - the +4 pair of boots of Agoraphobia (worn) {rF+ Will+ Str+3}
   (You bought it in a shop on level 7 of the Dungeon)

   Str:       It affects your strength (+3).
   rF:        It protects you from fire.
   Will:      It increases your willpower.
 l - a +1 hat of willpower (worn)
 x - a +2 pair of gloves (worn)
 A - a +1 cloak of preservation (worn)
 G - a +2 kite shield of cold resistance (worn)
 T - a +3 chain mail of poison resistance (worn)
Jewellery
 b - a ring of poison resistance
 i - an amulet of faith (around neck)
 y - a ring of positive energy (right hand)
 J - a ring of see invisible
 L - a ring of protection from fire (left hand)
 P - a ring of willpower
 R - a ring of positive energy
Wands
 f - a wand of polymorph (42)
 v - a wand of paralysis (25)
 F - a wand of light (8)
 I - a wand of iceblast (26)
 K - a wand of digging (10)
Scrolls
 c - 3 scrolls of teleportation
 d - 6 scrolls of poison
 j - a scroll of torment
 o - 19 scrolls of identify
 t - a scroll of summoning
 w - 8 scrolls of immolation
 E - 3 scrolls of silence
 Y - 5 scrolls of butterflies
 Z - a scroll of fear
Potions
 e - 21 potions of curing
 h - 5 potions of attraction
 m - 6 potions of mutation
 q - 3 potions of cancellation
 r - a potion of heal wounds
 u - 6 potions of lignification
 z - a potion of ambrosia
 B - 2 potions of invisibility
 C - 4 potions of haste
 D - 4 potions of might
 M - a potion of resistance
 N - 4 potions of flight
 V - 3 potions of berserk rage
 W - 4 potions of magic
Miscellaneous
 n - a condenser vane
 S - a phantom mirror


   Skills:
 - Level 24.0 Fighting
 - Level 23.1 Axes
 - Level 16.2 Armour
 - Level 4.6 Dodging
 + Level 12.8 Shields


You had 17 spell levels left.
You didn't know any spells.
Your spell library contained the following spells:

 Spells                   Type           Power      Damage    Failure   Level
 Beastly Appendage        Tmut           0%         N/A       95%         1
 Freeze                   Ice            0%         1d3       95%         1
 Magic Dart               Conj           0%         1d3       95%         1
 Sandblast                Erth           0%         2d4       95%         1
 Slow                     Hex            0%         N/A       95%         1
 Call Imp                 Summ           0%         N/A       99%         2
 Scorch                   Fire           0%         2d5       99%         2
 Static Discharge         Conj/Air       0%         3-3/arc   99%         2
 Sublimation of Blood     Necr           0%         N/A       99%         2
 Wereblood                Tmut           0%         N/A       99%         2
 Confusing Touch          Hex            0%         N/A       100%        3
 Conjure Flame            Conj/Fire      0%         6-21      100%        3
 Dazzling Flash           Conj/Hex       0%         N/A       100%        3
 Frozen Ramparts          Ice            0%         1d1       100%        3
 Ignite Poison            Fire/Tmut/Pois 0%         N/A       100%        3
 Mephitic Cloud           Conj/Pois/Air  0%         N/A       100%        3
 Spider Form              Tmut/Pois      0%         N/A       100%        3
 Vampiric Draining        Necr           0%         2d6       100%        3
 Airstrike                Air            0%         2d(0-16)  100%        4
 Animate Armour           Summ/Erth      0%         N/A       100%        4
 Cause Fear               Hex            0%         N/A       100%        4
 Flame Wave               Conj/Fire      0%         2d4       100%        4
 Hailstorm                Conj/Ice       0%         3d3       100%        4
 Iskenderun's Mystic Bla  Conj/Tloc      0%         2d3       100%        4
 Olgreb's Toxic Radiance  Pois           0%         N/A       100%        4
 Petrify                  Tmut/Erth      0%         N/A       100%        4
 Sticky Flame             Conj/Fire      0%         2d3       100%        4
 Summon Lightning Spire   Summ/Air       0%         N/A       100%        4
 Alistair's Intoxication  Tmut/Pois      0%         N/A       100%        5
 Borgnjor's Vile Clutch   Necr/Erth      0%         N/A       100%        5
 Irradiate                Conj/Tmut      0%         3d11      100%        5
 Lightning Bolt           Conj/Air       0%         1d11      100%        5
 Metabolic Englaciation   Hex/Ice        0%         N/A       100%        5
 Summon Forest            Summ/Tloc      0%         N/A       100%        5
 Yara's Violent Unravell  Hex/Tmut       0%         3d3       100%        5
 Eringya's Noxious Bog    Tmut/Pois      0%         N/A       100%        6
 Starburst                Conj/Fire      0%         6d3       100%        6
 Statue Form              Tmut/Erth      0%         N/A       100%        6
 Summon Cactus Giant      Summ           0%         N/A       100%        6
 Dragon Form              Tmut           0%         N/A       100%        7
 Enfeeble                 Hex            0%         N/A       100%        7
 Ozocubu's Refrigeration  Ice            0%         4d7       100%        7
 Summon Hydra             Summ           0%         N/A       100%        7
 Ignition                 Fire           0%         3d3       100%        8
 Lehudib's Crystal Spear  Conj/Erth      0%         10d2      100%        8
 Maxwell's Capacitive Co  Air            0%         ∞         100%        8
 Dragon's Call            Summ           0%         N/A       100%        9


Dungeon Overview and Level Annotations

Branches:
Dungeon (15/15)            Temple (0/1) D:5            Lair (5/5) D:10
  Swamp (4/4) Lair:3        Snake (4/4) Lair:2        Slime (0/5) Lair:5
    Orc (2/2) D:11            Elf (0/3) Orc:2        Vaults (0/5) D:14
 Depths (0/4) D:15         Bailey (visited)

Altars:
Elyvilon
Gozag
Kikubaaqudgha
Makhleb
Nemelex Xobeh
Qazlal
Ru
Uskayaw
Vehumet
Wu Jian
Yredelemnul
Zin
The Shining One
Beogh
Jiyva
Lugonu

Shops:
D:7 ([   D:12 (   D:14 !   Orc:1 [(:   Orc:2 [(!(=   Snake:4 *

Portals:
Abyss: Lair:5

Annotations:
D:5 exclusion: statue
D:11 exclusion: upstairs
Swamp:1 exclusion: downstairs


Message History

* * * LOW HITPOINT WARNING * * *
The grasping roots constrict you!
* * * LOW HITPOINT WARNING * * *
A four-headed hydra comes into view.
The three-headed hydra bites you!
* * * LOW HITPOINT WARNING * * *
The three-headed hydra bites you.
* * * LOW HITPOINT WARNING * * *
The three-headed hydra bites you but does no damage.
The seven-headed hydra bites you but does no damage.
You block the seven-headed hydra's attack.
The seven-headed hydra bites you!
* * * LOW HITPOINT WARNING * * *
You block the seven-headed hydra's attack.
The seven-headed hydra bites you.
* * * LOW HITPOINT WARNING * * *
The seven-headed hydra barely misses you.
The seven-headed hydra completely misses you.
The thorn hunter hits you but does no damage.
The thorn hunter hits you!
* * * LOW HITPOINT WARNING * * *
You block the lindwurm's attack.
The lindwurm claws you but does no damage. x2
Okay, then.
Okay, then.
You feel much better. The three-headed hydra bites you.
* * * LOW HITPOINT WARNING * * *
You block the three-headed hydra's attack.
The three-headed hydra bites you!
* * * LOW HITPOINT WARNING * * *
The thorn hunter fires a volley of thorns at you.
You block the volley of thorns. The seven-headed hydra bites you.
* * * LOW HITPOINT WARNING * * *
You block the seven-headed hydra's attack.
The seven-headed hydra bites you but does no damage. x3
The seven-headed hydra bites you.
* * * LOW HITPOINT WARNING * * *
The seven-headed hydra closely misses you.
The grasping roots constrict you!
You die...

♣♣.~.♣ *.~.,♣♣♣~ ♣♣♣♣.~~.♣
*♣.♣♣~♣.~ ♣♣♣♣~..~~~.♣♣♣♣♣
♣♣♣♣~~.~.~.
♣~.~.~~~~..§♣§~♣♣♣♣~~.~..~.~.
♣♣~..~§§~~~.~.~~.♣♣.~~.~~....~
♣♣..§~~~~.♣~~♣~§~.♣.~~~.~°~~.~.
♣.~~~~~~~.§♣♣♣~§~§♣.~~~.†°kf.D~
♣♣~~~~~~~~~♣♣♣♣ffD~.~D~§†~°°.♣~.
♣♣.~~†~~~~~~♣...@Dk.~k~.~~~°.~k~.
.~~..<~~.§PP.~§~Dk~.~~~~~~~~~~§~♣
.~§...~~~.PP....k~♣♣.~~...~~~.~.!
~~~.~~~~~~PP~§..~~..P~~...~§...§.
♣♣~~~~~~~~PP..~.§~.~PP~..~~~~~~..
♣♣~~~~~~§P.~♣♣.~♣♣♣~P♣♣~~~~~~~§.
*♣.~~~~~~~.♣♣♣♣♣~*♣♣♣♣*♣.§~,,,,*
♣.~~^♣~~~~♣♣ *.~,**,,~,.,,~~**
♣.~~♣♣.~~~♣ *,~~*,~~~~~,,***


You could see a thorn hunter, a shambling mangrove, a seven-headed hydra, a
four-headed hydra, a three-headed hydra, a swamp dragon, 2 lindwurms and 2 swamp
drakes.

Vanquished Creatures
  Saint Roka (Orc:2)
  Jorgrun (D:14)
  A tentacled monstrosity (Swamp:2)
  2 quicksilver dragons (Snake:4)
  Gastronok (Lair:1)
  A thorn hunter (Swamp:3)
  2 nagarajas (Snake:4)
  2 fenstrider witches (Swamp:2)
  Roxanne (D:14)
  Louise (Snake:1)
  A ghoul (Swamp:2)
  9 bunyips
  4 eleionomae
  2 ettins
  A fire dragon (D:14)
  Harold (Lair:1)
  A rakshasa (D:14)
  6 salamander tyrants
  Fannar (Lair:1)
  9 hydras
  2 ogre magi (Orc:2)
  4 catoblepae
  3 boulder beetles
  A centaur warrior (D:14)
  7 two-headed ogres
  12 anacondas
  9 naga sharpshooters
  7 alligators
  2 death yaks (Lair:4)
  A tengu warrior (D:15)
  12 naga warriors
  3 orc high priests
  3 thrashing horrors (Lair:5)
  3 shock serpents
  Sonja (D:10)
  4 goliath frogs
  5 salamander mystics
  12 bog bodies
  5 swamp dragons
  3 deep trolls
  2 wizards (D:15)
  2 orc knights (Orc:1)
  An orange crystal statue (Lair:5)
  7 naga ritualists
  5 deep elf pyromancers
  An oklob plant (Lair:1)
  6 orc sorcerers
  7 mana vipers
  15 ugly things
  A will-o-the-wisp (Swamp:1)
  4 cyclopes
  4 manticores
  10 elephants (Lair:5)
  5 slime creatures
  13 salamanders
  46 black mambas
  2 guardian serpents (Snake:4)
  13 naga magi
  Joseph (D:7)
  A smoke demon (Lair:5)
  A cane toad (shapeshifter) (D:13)
  2 gargoyles
  A rime drake (Lair:3)
  7 cane toads
  2 unseen horrors
  2 tengu conjurers (D:15)
  15 komodo dragons
  3 yaktaurs (D:15)
  An ancient zyme (Lair:5)
  3 meliai (D:14)
  17 trolls
  7 hornets
  8 polar bears
  A tarantella (shapeshifter) (Lair:5)
  14 blink frogs
  7 tyrant leeches
  Sigmund (D:3)
  A shadow (D:9)
  A vampire (D:8)
  A ynoxinul (Lair:5)
  3 wyverns
  A wraith (D:10)
  8 spriggans
  22 yaks
  8 basilisks
  3 large abominations (Lair:5)
  Grum (Lair:1)
  15 vampire mosquitoes
  2 chaos spawn (Lair:5)
  A steam dragon (D:8)
  26 nagas
  6 wargs
  11 swamp worms
  An acid dragon (D:11)
  Duvessa (D:6)
  10 water moccasins
  4 swamp drakes
  25 orc warriors
  10 small abominations (Lair:5)
  A black bear (Lair:1)
  A sky beast (D:6)
  A boggart (shapeshifter) (Lair:5)
  21 ogres
  3 boggarts (D:14)
  9 centaurs
  16 wolves
  A phantom (D:4)
  Blork the orc (D:4)
  2 kobold brigands
  10 bullfrogs
  10 necrophages
  A gnoll sergeant (D:11)
  A scorpion (D:4)
  12 wights
  Dowan (D:6)
  A howler monkey (D:7)
  2 electric eels (Lair:5)
  2 lava snakes (Lair:5)
  5 jellies
  2 hounds (D:4)
  Crazy Yiuf (D:5)
  7 orc priests
  3 gnoll boudas
  Jessica (D:2)
  6 iguanas
  16 orc wizards
  Robin (D:2)
  19 gnolls
  7 adders
  A white imp (D:6)
  2 worms
  2 dart slugs
  74 orcs
  4 bats
  6 endoplasms
  18 goblins
  5 hobgoblins
  2 jackals (D:3)
  A quokka (D:1)
  3 ball pythons
  3 frilled lizards
  29 kobolds
  4 rats
  A bush (Lair:1)
  A butterfly (D:5)
866 creatures vanquished.

Vanquished Creatures (collateral kills)
  Vashnia (Snake:2)
  An eleionoma (Swamp:1)
  A hydra (Swamp:1)
  2 two-headed ogres (Orc:2)
  A naga sharpshooter (Snake:2)
  A deep troll (Orc:2)
  A bog body (Swamp:1)
  An orc sorcerer (Orc:2)
  An orc warrior (Orc:2)
  3 ogres (Orc:2)
13 creatures vanquished.

Vanquished Creatures (others)
  A hydra (Lair:2)
  A bloated husk (Swamp:1)
  A vampire mosquito (Swamp:1)
  3 briar patches (Swamp:3)
  24 fungi
  12 plants
42 creatures vanquished.

Grand Total: 921 creatures vanquished

Notes
Turn   | Place    | Note
-------+----------+-------------------------------------------
     0 | D:1      | iamoutofideas the Hill Orc Berserker began the quest for
                  | the Orb.
     0 | D:1      | Reached XP level 1. HP: 19/19 MP: 1/1
   490 | D:1      | Reached XP level 2. HP: 26/27 MP: 2/2
   750 | D:1      | Reached skill level 4 in Fighting
  1385 | D:2      | Reached XP level 3. HP: 16/33 MP: 3/3
  1793 | D:2      | Noticed Jessica
  1800 | D:2      | Killed Jessica
  1801 | D:2      | Reached skill level 5 in Axes
  1946 | D:2      | Reached XP level 4. HP: 28/41 MP: 4/4
  2181 | D:2      | Noticed Robin
  2199 | D:2      | Killed Robin
  2509 | D:3      | Noticed Sigmund
  2527 | D:3      | Killed Sigmund
  2528 | D:3      | Reached skill level 5 in Fighting
  2528 | D:3      | Reached XP level 5. HP: 47/48 MP: 5/5
  2528 | D:3      | Reached XP level 6. HP: 55/56 MP: 6/6
  2765 | D:3      | Found a faded altar of an unknown god.
  3082 | D:4      | Identified the +1 dagger of Patan {freeze, rC++ Str-2
                  | Int+4}
  3087 | D:4      | Noticed Blork the orc
  3147 | D:4      | Killed Blork the orc
  3284 | D:4      | Reached ** piety under Trog
  3357 | D:4      | Found a basalt altar of Yredelemnul.
  3359 | D:4      | Noticed a profane servitor
  3373 | D:4      | Found a glowing golden altar of the Shining One.
  3375 | D:4      | Noticed an angel
  3475 | D:4      | Reached skill level 6 in Fighting
  3475 | D:4      | Reached XP level 7. HP: 63/63 MP: 7/7
  3835 | D:5      | Entered Level 5 of the Dungeon
  3962 | D:5      | Found a runed translucent door.
  3963 | D:5      | Noticed Crazy Yiuf
  4114 | D:5      | Found a radiant altar of Vehumet.
  4287 | D:5      | Found a staircase to the Ecumenical Temple.
  4297 | D:5      | Reached skill level 10 in Axes
  4990 | D:5      | Killed Crazy Yiuf
  5073 | D:6      | Reached XP level 8. HP: 70/70 MP: 8/8
  5117 | D:6      | Found a glowing silver altar of Zin.
  5173 | D:6      | Noticed Dowan
  5177 | D:6      | Noticed Duvessa
  5197 | D:6      | Killed Duvessa
  5200 | D:6      | Killed Dowan
  5498 | D:6      | Found a white marble altar of Elyvilon.
  5565 | D:6      | Found a sacrificial altar of Ru.
  5641 | D:6      | Identified the +1 robe of Jigsaw {rN+ Str+3 Int+2}
  6089 | D:7      | Reached XP level 9. HP: 73/75 MP: 9/9
  6109 | D:7      | Identified the +2 long sword "Pawunaop" {drain, rElec
                  | Int+4}
  6219 | D:7      | Found Ympumes's Weapon Boutique.
  6297 | D:7      | Found an ornate altar of the Wu Jian Council.
  6555 | D:7      | Noticed Joseph
  6579 | D:7      | Killed Joseph
  6776 | D:7      | Found Vuheodat's Armour Shoppe.
  6780 | D:7      | Identified the +1 robe of Zitsuj {Fly rC+ Regen+}
  6868 | D:8      | Reached skill level 5 in Armour
  6973 | D:8      | Reached skill level 15 in Axes
  7810 | D:9      | Found a flagged portal.
  7855 | Bailey   | Entered a bailey
  7888 | Bailey   | Reached XP level 10. HP: 83/83 MP: 10/10
  7908 | Bailey   | Reached *** piety under Trog
  7931 | Bailey   | Identified the +6 mace of Dominance {antimagic, rElec}
  8399 | D:9      | Found an opulent altar of Gozag.
  8403 | D:9      | Found a sparkling altar of Nemelex Xobeh.
  8408 | D:9      | Found a burning altar of Makhleb.
  8545 | D:9      | Noticed a two-headed ogre
  8552 | D:9      | Killed a two-headed ogre
  8553 | D:9      | Reached skill level 7 in Fighting
  8762 | D:10     | Entered Level 10 of the Dungeon
  8770 | D:10     | Found an ancient bone altar of Kikubaaqudgha.
  8780 | D:10     | Found a hide-covered altar of Uskayaw.
  8782 | D:10     | Noticed a +0 hand axe
  8782 | D:10     | Noticed a +0 dagger
  8835 | D:10     | Reached skill level 8 in Fighting
  8841 | D:10     | Noticed Sonja
  8862 | D:9      | Reached **** piety under Trog
  9152 | D:10     | Reached XP level 11. HP: 95/95 MP: 11/11
  9807 | D:11     | Reached skill level 9 in Fighting
  9871 | D:11     | Found a stormy altar of Qazlal.
 10013 | D:11     | Paralysed by a hornet for 2 turns
 10239 | D:11     | Found a staircase to the Orcish Mines.
 11021 | D:12     | Noticed a white ugly thing
 11034 | D:12     | Killed a white ugly thing
 11241 | D:12     | Reached skill level 10 in Fighting
 11548 | D:12     | Found Xisteg's Antique Weapon Shoppe.
 11656 | D:12     | Found the +18 Lear's hauberk
 11815 | D:10     | Identified the +1 scale mail of Pride {rC+}
 12248 | Orc:1    | Entered Level 1 of the Orcish Mines
 12248 | Orc:1    | Noticed an orc high priest
 13202 | Orc:1    | Killed an orc high priest
 13203 | Orc:1    | Reached skill level 11 in Fighting
 13289 | Orc:1    | Found Sironu's Armour Emporium.
 13359 | Orc:1    | Bought a +3 chain mail of poison resistance for 305 gold
                  | pieces
 13452 | D:10     | Killed Sonja
 13453 | D:10     | Reached XP level 12. HP: 110/110 MP: 12/12
 13579 | D:10     | Found a staircase to the Lair.
 13828 | Lair:1   | Entered Level 1 of the Lair of Beasts
 13841 | Lair:1   | Noticed Gastronok
 13850 | Lair:1   | Reached skill level 12 in Fighting
 13876 | Lair:1   | Killed Gastronok
 13877 | Lair:1   | Reached skill level 13 in Fighting
 14336 | Lair:1   | Noticed Fannar
 14353 | Lair:1   | Killed Fannar
 14559 | Lair:1   | Noticed Harold
 14570 | Lair:1   | Killed Harold
 14571 | Lair:1   | Reached skill level 14 in Fighting
 14979 | Lair:1   | Noticed Grum
 14999 | Lair:1   | Killed Grum
 15084 | Lair:1   | Found an ornate altar of the Wu Jian Council.
 15084 | Lair:1   | Found a hide-covered altar of Uskayaw.
 15084 | Lair:1   | Noticed a boulder beetle
 15098 | Lair:1   | Killed a boulder beetle
 15099 | Lair:1   | Reached skill level 15 in Fighting
 16014 | Lair:2   | Noticed a five-headed hydra
 16022 | Lair:2   | Noticed a catoblepas
 16028 | Lair:2   | Killed a five-headed hydra
 16029 | Lair:2   | Reached skill level 16 in Fighting
 16200 | Lair:2   | Killed a catoblepas
 16278 | Lair:2   | Reached XP level 13. HP: 114/130 MP: 13/13
 16342 | Lair:2   | Found a staircase to the Snake Pit.
 16867 | Lair:2   | Reached skill level 17 in Fighting
 17509 | Lair:3   | Found a staircase to the Swamp.
 17559 | Lair:3   | Reached ***** piety under Trog
 18479 | Lair:4   | Reached skill level 18 in Fighting
 19372 | Lair:4   | Reached skill level 19 in Fighting
 20259 | Lair:4   | Identified the +5 lajatang of the Final Decision {drain,
                  | rCorr Int+3 Dex+4 Stlth+}
 20750 | D:7      | Bought the +4 pair of boots of Agoraphobia {rF+ Will+
                  | Str+3} for 554 gold pieces
 20956 | Lair:2   | Reached XP level 14. HP: 146/146 MP: 14/14
 21286 | Lair:5   | Entered Level 5 of the Lair of Beasts
 21341 | Lair:5   | Reached skill level 1 in Shields
 22490 | Lair:5   | Reached XP level 15. HP: 126/155 MP: 15/15
 23142 | Lair:5   | Reached skill level 20 in Fighting
 23180 | Lair:5   | Found a corrupted altar of Lugonu.
 23180 | Lair:5   | Found a one-way gate to the infinite horrors of the Abyss.
 23527 | Lair:5   | Found a viscous altar of Jiyva.
 23528 | Lair:5   | Found a staircase to the Slime Pits.
 23911 | Orc:2    | Entered Level 2 of the Orcish Mines
 23911 | Orc:2    | Found Qootte's Distillery.
 24196 | Orc:1    | Reached skill level 5 in Shields
 24466 | Orc:2    | Found Jaugg's Armour Shop.
 24482 | Orc:2    | Received a gift from Trog
 24906 | Orc:2    | Found Myleg's Antique Weapon Boutique.
 24907 | Orc:2    | Found Begaejut's Antique Weapon Shoppe.
 24909 | Orc:2    | Bought a potion of lignification for 33 gold pieces
 24909 | Orc:2    | Bought a potion of lignification for 33 gold pieces
 24914 | Orc:2    | Bought an ancient war axe for 297 gold pieces
 24914 | Orc:2    | Identified the +2 war axe of the Warrior {vorpal, rPois}
                  | (You bought it in a shop on level 2 of the Orcish Mines)
 24918 | Orc:2    | Found Fiukk's Jewellery Shop.
 25037 | Orc:2    | Found a runed translucent door.
 25103 | Orc:2    | Noticed Saint Roka
 25733 | Orc:2    | Found a staircase to the Elven Halls.
 25902 | Orc:1    | Found Kavy's Weapon Shop.
 25919 | Orc:1    | Received a gift from Trog
 26032 | Orc:1    | Found Vidduilo's Book Shop.
 26753 | Orc:2    | Killed Saint Roka
 26895 | Orc:2    | Found a roughly hewn altar of Beogh.
 27003 | Orc:1    | Bought the +8 mithril axe "Arga" {speed, Will+} for 969
                  | gold pieces
 27003 | Orc:1    | Found the +8 mithril axe "Arga" {speed, Will+}
 27375 | D:13     | Reached XP level 16. HP: 165/165 MP: 16/16
 27789 | D:13     | Reached skill level 21 in Fighting
 28421 | D:14     | Noticed Jorgrun
 28433 | D:14     | Killed Jorgrun
 28767 | D:14     | Found Amasuc's Distillery.
 28779 | D:14     | Bought 2 potions of curing for 84 gold pieces
 28779 | D:14     | Bought 2 potions of curing for 84 gold pieces
 28779 | D:14     | Bought a potion of curing for 42 gold pieces
 28892 | D:14     | Found a gate to the Vaults.
 29321 | D:14     | Identified Roxanne's Incunabulum of the Boulder
 29321 | D:14     | Noticed Roxanne
 29336 | D:14     | Killed Roxanne
 29449 | D:15     | Entered Level 15 of the Dungeon
 29449 | D:15     | Found a sparkling altar of Nemelex Xobeh.
 30286 | D:15     | Found a staircase to the Depths.
 31048 | Swamp:1  | Entered Level 1 of the Swamp
 31113 | Swamp:1  | Received a gift from Trog
 31810 | Swamp:1  | Reached skill level 22 in Fighting
 32297 | Swamp:2  | Noticed a tentacled monstrosity
 32299 | Swamp:2  | Noticed a fenstrider witch
 32305 | Swamp:1  | Reached XP level 17. HP: 100/176 MP: 17/17
 32562 | Snake:1  | Entered Level 1 of the Snake Pit
 32807 | Snake:1  | Noticed Louise
 32818 | Snake:1  | Killed Louise
 32934 | Snake:1  | Reached skill level 15 in Armour
 34717 | Snake:2  | You fall into a shaft and drop 1 floor!
 35502 | Snake:2  | Noticed Vashnia
 35530 | Snake:2  | Killed Vashnia
 35530 | Snake:2  | Received a gift from Trog
 35531 | Snake:2  | Reached skill level 23 in Fighting
 36938 | Snake:3  | Reached XP level 18. HP: 189/189 MP: 2/18
 37351 | Snake:4  | Entered Level 4 of the Snake Pit
 37651 | Snake:4  | Received a gift from Trog
 38613 | Snake:4  | Noticed a quicksilver dragon
 38621 | Snake:4  | Killed a quicksilver dragon
 38629 | Snake:4  | Noticed a quicksilver dragon
 38639 | Snake:4  | Killed a quicksilver dragon
 38737 | Snake:4  | Got a serpentine rune of Zot
 39740 | Snake:4  | Found Pikhlap's CLEARANCE SALE!.
 39742 | Snake:4  | Reached skill level 24 in Fighting
 40426 | Orc:2    | Bought a potion of curing for 33 gold pieces
 40426 | Orc:2    | Bought a potion of heal wounds for 55 gold pieces
 40556 | D:7      | Bought a +0 cloak of preservation for 126 gold pieces
 40556 | D:7      | Bought a +2 kite shield of cold resistance for 236 gold
                  | pieces
 41191 | Swamp:2  | Killed a tentacled monstrosity
 41409 | Swamp:2  | Reached skill level 10 in Shields
 41973 | Swamp:2  | Received a gift from Trog
 42722 | Swamp:3  | Identified the +1 robe of Cuezul {rN++ Int-4 Dex+3}
 43162 | Swamp:3  | Found a glowing silver altar of Zin.
 43476 | Swamp:4  | Entered Level 4 of the Swamp
 43556 | Swamp:4  | HP: 3/190 [thorn hunter (15)]
 43557 | Swamp:4  | Constricted to death by a shambling mangrove

Illustrated notes

Levels and vault maps discovered:
D:1:      ebering_trefoil_3fold, layout_basic
D:2:      layout_basic, chequers_serial_rivers_small_3, nrook_uturn,
          chequers_serial_rivers_micro_e, minmay_ruptured, uniq_robin,
          uniq_jessica
D:3:      layout_rooms, shapermc_ecumenical_altar_mp_vishouse, uniq_sigmund
D:4:      layout_basic, grunt_temple_overflow_holy_war, minmay_checkerbox,
          uniq_blork_the_orc
D:5:      layout_loops_ring, vehumet_statue, minmay_temple_entry_butterflies,
          uniq_crazy_yiuf_cottage
D:6:      layout_loops_ring, nicolae_ru_sacrificial_ziggurat,
          nicolae_overflow_crystal_walls, nicolae_elyvilon_temple_path,
          wad_floor_pattern_1, uniq_duvessa
D:7:      layout_rooms, nicolae_wu_jian_glorious_leap, serial_shops, shop, shop,
          uniq_joseph
D:8:      layout_cave_pools, minmay_crystal_room
D:9:      layout_roguey, minmay_overflow_temple_star_quad, enter_bailey_5
D:10:     layout_basic, overflow_temple_1_default, dancing_weapons_uskayaw,
          lair_entry_dummy, the_hattery, uniq_sonja
D:11:     layout_loops_ring, hiddenorc1_lemuel, nicolae_qazlal_eye_of_the_storm
D:12:     layout_gridville, serial_shops, shop
D:13:     layout_irregular_city, kennysheep_generic_room_14
D:14:     layout_small_grid, david_vaults_4, serial_shops, nicolae_diamond_shop,
          uniq_roxanne, uniq_jorgrun
D:15:     hangedman_depths_entry_civil_slaughter, layout_layer_cave,
          nemelex_xobeh_ov_fountains_minmay
Lair:1:   layout_chaotic_city, minmay_lair_oklob_bushes,
          nzn_masters_of_martial_movement, infiniplex_staircase_pool_2,
          uniq_gastronok, uniq_fannar, uniq_harold, uniq_grum
Lair:2:   layout_regular_city, dummy_snake_entry, roderic_carrion_pond,
          lemuel_fruit_fields, lemuel_fruit_tree
Lair:3:   layout_concentric_octagons, minmay_swamp_entry_reptiles,
          kennysheep_catoblepas_arena, infiniplex_staircase_pool
Lair:4:   layout_regular_city, beast_lair_carwin_6, grunt_megastairs_4
Lair:5:   hellmonk_lair_end_abyssal_woods, layout_gridlike,
          dpeg_slime_entry_enclosed, disabler_island
Swamp:1:  layout_basic_swamp, evilmike_swamp_ruin_house_1
Swamp:2:  nicolae_swamp_decorative_isthmus, layout_basic_swamp,
          nicolae_swamp_trees_clearing, hangedman_swamp_ravenous
Swamp:3:  layout_basic_swamp, basic_altar
Swamp:4:  swamp_alternative, layout_basic_swamp,
          portal_ice_cave_entry_ice_simulacra
Snake:1:  layout_chambers, uniq_louise
Snake:2:  layout_cave_town, uniq_vashnia
Snake:3:  layout_layer_cave
Snake:4:  hellmonk_snake_rune_quicksilver_temple, layout_layer_cave,
          nicolae_shop_clearance
Orc:1:    layout_caves, serial_shops, shop, nicolae_shop_trees,
          nicolae_shop_waterfront
Orc:2:    st_orc_open, layout_caves, serial_shops, nicolae_shop_trees,
          lightli_church_of_beogh, uniq_saint_roka

Skill      XL: |  1  2  3  4  5  6  7  8  9 10 11 12 13 14 15 16 17 18 |
---------------+-------------------------------------------------------+-----
Fighting       | 4 5 6 8 11 16 19 20 22 23 24 | 24.0
Axes           | 5 7 8 10 13 16 17 18 19 21 22 23 | 23.1
Armour         | 3 5 7 9 12 13 14 15 16 | 16.2
Dodging        | 2 3 4 |  4.6
Shields        | 4 6 8 12 | 12.8

Action                   |  1- 3 |  4- 6 |  7- 9 | 10-12 | 13-15 | 16-18 || total
-------------------------+-------+-------+-------+-------+-------+-------++-------
Melee: Hand axe          |    68 |    84 |   330 |       |       |       ||   482
       Unarmed           |       |     6 |       |       |       |       ||     6
       Punch             |       |     2 |     9 |     6 |       |       ||    17
       War axe           |       |       |     8 |   602 |   840 |       ||  1450
       Mace              |       |       |       |     9 |    12 |       ||    21
       Broad axe         |       |       |       |       |    54 |  1242 ||  1296
Invok: Berserk           |     2 |     5 |    12 |    24 |    17 |    19 ||    79
       Trog's Hand       |       |       |     2 |     2 |     4 |     5 ||    13
       Brothers in Arms  |       |       |       |     1 |     3 |     3 ||     7
Evoke: Wand              |       |       |       |     1 |       |       ||     1
  Use: Scroll            |       |     4 |    12 |     9 |     3 |     7 ||    35
       Potion            |       |       |       |     1 |     2 |     5 ||     8
 Stab: Paralysed         |       |       |       |     1 |       |       ||     1
       Distracted        |       |       |       |       |     1 |     1 ||     2
Armor: Animal skin       |    13 |       |       |       |       |       ||    13
       Leather armour    |     3 |    36 |    29 |       |       |       ||    68
       Plate armour      |       |       |   141 |   315 |       |       ||   456
       Chain mail        |       |       |       |   111 |   672 |   574 ||  1357
Dodge: Dodged            |    36 |    56 |    94 |   216 |   386 |   276 ||  1064
Block: Buckler           |       |       |       |       |   105 |   170 ||   275
       Kite shield       |       |       |       |       |       |   161 ||   161
